 Dungeon Crawl Stone Soup version 0.31-a0-219-g8d62b2e7bb (webtiles) character file.

Game seed: 17862996577922463814

165158 McSplat the Jinx (level 17, -3/90 HPs)
             Began as a Vine Stalker Enchanter on June 30, 2023.
             Was the Champion of Lugonu.
             Slain by a jumping spider (5 damage)
             ... on level 4 of the Spider Nest on July 4, 2023.
             The game lasted 04:17:16 (32916 turns).

McSplat the Jinx (Vine Stalker Enchanter)          Turns: 32916, Time: 04:17:17

Health: -3/90      AC: 21    Str: 15    XL:     17   Next: 87%
Magic:  0/41       EV: 15    Int: 24    God:    Lugonu [******]
Gold:   1713       SH:  0    Dex: 16    Spells: 12/36 levels left

rFire   + . .        b - +3 scimitar (flame)
rCold   + . .        i - orb {guile}
rNeg    . . .        D - quicksilver dragon scales
rPois   +            V - +2 helmet
rElec   .            e - +2 cloak {rPois}
rCorr   +            p - +0 pair of gloves
SInv    +            Z - +2 pair of boots
Will    +....        g - amulet of Eternity {rC+ Regen+ Str+3}
Stlth   +++++        k - ring of Tumup {rPois MP+9 Int+3 Slay+4}
HPRegen 1.95/turn    y - ring "Bothej" {rF+ rCorr SInv}
MPRegen 0.27/turn

%: guardian spirit
@: about to teleport
A: fangs 3, regeneration 1, magic shield, antimagic bite, no potion heal 2
a: Renounce Religion, Depart the Abyss, Banish, Corrupt, Enter the Abyss, Brand
Weapon With Distortion


You were on level 4 of the Spider Nest.
You worshipped Lugonu.
Lugonu was exalted by your worship.
You visited 4 branches of the dungeon, and saw 26 of its levels.
You also visited: Gauntlet and Ice Cave.

You collected 3052 gold pieces.
You spent 1339 gold pieces at shops.

Inventory:

Hand Weapons
 a - a +2 dagger of speed
 b - a +3 scimitar of flaming (weapon)
Missiles
 r - a throwing net
Armour
 e - a +2 cloak of poison resistance (worn)
 i - an orb of guile (worn)
 p - a +0 pair of gloves (worn)
 z - a +2 buckler
 A - a +2 kite shield of protection
 D - quicksilver dragon scales (worn)
 V - a +2 helmet (worn)
 Z - a +2 pair of boots (worn)
Jewellery
 g - the amulet of Eternity (around neck) {rC+ Regen+ Str+3}
   (You took it off a minotaur in a Gauntlet)

   [amulet of regeneration]

   Str:       It affects your strength (+3).
   rC:        It protects you from cold.
   Regen:     It increases your rate of health regeneration.
 k - the ring of Tumup (left hand) {rPois MP+9 Int+3 Slay+4}
   (You acquired it on level 2 of the Spider Nest)

   [ring of slaying]

   Int:       It affects your intelligence (+3).
   Slay:      It affects your accuracy & damage with ranged weapons and melee
   (+4).
   rPois:     It protects you from poison.
   MP:        It affects your magic capacity (+9).
 y - the ring "Bothej" (right hand) {rF+ rCorr SInv}
   (You found it in a Gauntlet)

   [ring of protection from fire]

   rF:        It protects you from fire.
   SInv:      It lets you see invisible.
   rCorr:     It protects you from acid and corrosion.
Wands
 h - a wand of paralysis (13)
 n - a wand of polymorph (7)
 K - a wand of light (2)
 S - a wand of flame (29)
 W - a wand of roots (15)
Scrolls
 c - a scroll of vulnerability
 d - a scroll of silence
 l - 3 scrolls of fog
 m - a scroll of fear
 o - 7 scrolls of revelation
 q - a scroll of blinking
 u - 5 scrolls of amnesia
 w - a scroll of brand weapon
 B - 2 scrolls of identify
 J - a scroll of teleportation
 L - 2 scrolls of poison
 U - a scroll of summoning
Potions
 f - 10 potions of curing
 j - 5 potions of enlightenment
 s - 3 potions of ambrosia
 t - 2 potions of invisibility
 v - a potion of magic
 x - a potion of resistance
 C - 2 potions of brilliance
 E - 4 potions of lignification
 F - 3 potions of haste
 N - a potion of cancellation
 T - 4 potions of berserk rage
Miscellaneous
 G - a lightning rod (inert)
 Q - a phial of floods


   Skills:
 + Level 10.5 Fighting
 - Level 10.0(12.7) Short Blades
 - Level 12.6(14.0) Long Blades
 - Level 4.0 Armour
 - Level 10.0 Dodging
 - Level 12.4 Stealth
 - Level 1.0 Shields
 - Level 10.0 Spellcasting
 - Level 5.1 Conjurations
 + Level 13.1 Hexes
 - Level 3.3 Transmutations
 - Level 1.0 Ice Magic
 - Level 10.0 Invocations
 - Level 1.0 Evocations


You had 12 spell levels left.
You knew the following spells:

 Your Spells              Type           Power      Damage    Failure   Level
a - Ensorcelled Hibernat  Hex/Ice        90%        N/A       1%          2
b - Confusing Touch       Hex            66%        N/A       1%          3
c - Tukima's Dance        Hex            66%        N/A       1%          3
d - Fulminant Prism       Conj/Hex       27%        3d14      2%          4
e - Yara's Violent Unrav  Hex/Tmut       25%        3d11      10%         5
f - Enfeeble              Hex            33%        N/A       36%         7

Your spell library contained the following spells:

 Spells                   Type           Power      Damage    Failure   Level
 Slow                     Hex            100%       N/A       1%          1
 Dazzling Flash           Conj/Hex       100%       N/A       1%          3
 Inner Flame              Hex/Fire       43%        N/A       1%          3
 Summon Guardian Golem    Hex/Summ       43%        N/A       1%          3
 Beastly Appendage        Tmut           54%        N/A       2%          1
 Foxfire                  Conj/Fire      96%        2x1d8     3%          1
 Wereblood                Tmut           27%        N/A       3%          2
 Sting                    Tmut/Pois      76%        1d6       4%          1
 Freeze                   Ice            64%        1d7       6%          1
 Leda's Liquefaction      Hex/Erth       21%        N/A       7%          4
 Hailstorm                Conj/Ice       26%        3d7       9%          3
 Apportation              Tloc           24%        N/A       10%         1
 Summon Small Mammal      Summ           48%        N/A       10%         1
 Cigotuvi's Dreadful Rot  Necr/Pois/Air  24%        N/A       14%         2
 Poisonous Vapours        Pois/Air       24%        N/A       14%         2
 Mephitic Cloud           Conj/Pois/Air  20%        N/A       14%         3
 Spider Form              Tmut/Pois      19%        N/A       16%         3
 Frozen Ramparts          Ice            32%        1d5       19%         3
 Call Canine Familiar     Summ           12%        N/A       28%         3
 Volatile Blastmotes      Fire/Tloc      24%        2d12      28%         3
 Iskenderun's Battlesphe  Conj           36%        2d9       32%         5
 Flame Wave               Conj/Fire      24%        2d8       34%         4
 Iskenderun's Mystic Bla  Conj/Tloc      24%        2d7       34%         4
 Sticky Flame             Conj/Fire      24%        2d5       34%         4
 Irradiate                Conj/Tmut      16%        3d17      43%         5
 Blade Hands              Tmut           13%        N/A       56%         5
 Dispel Undead            Necr           12%        3d9       67%         4
 Olgreb's Toxic Radiance  Pois           12%        N/A       67%         4
 Fireball                 Conj/Fire      12%        3d7       67%         5
 Freezing Cloud           Conj/Ice/Air   10%        6-21      75%         5
 Alistair's Intoxication  Tmut/Pois      12%        N/A       80%         5
 Borgnjor's Vile Clutch   Necr/Erth      6%         N/A       95%         5
 Lee's Rapid Deconstruct  Erth           6%         3d6*      95%         5
 Summon Forest            Summ/Tloc      6%         N/A       95%         5
 Conjure Ball Lightning   Conj/Air       12%        3x3d6     99%         6
 Starburst                Conj/Fire      12%        6d5       99%         6
 Death Channel            Necr           6%         N/A       100%        6
 Eringya's Noxious Bog    Tmut/Pois      9%         N/A       100%        6
 Plasma Beam              Fire/Air       6%         2x1d16    100%        6
 Orb of Destruction       Conj           18%        9d8       100%        7
 Summon Hydra             Summ           6%         N/A       100%        7
 Disjunction              Tloc           6%         N/A       100%        8


Dungeon Overview and Level Annotations

Branches:
Dungeon (15/15)            Temple (0/1) D:4            Lair (5/5) D:9
 Shoals (0/4) Lair:2       Spider (4/4) Lair:2        Slime (0/5) Lair:4
    Orc (2/2) D:12            Elf (0/3) Orc:2        Vaults (0/5) D:14
 Depths (0/4) D:15          IceCv (visited)         Gauntlet (visited)

Altars:
Ashenzari
Cheibriados
Gozag
Nemelex Xobeh
Ru
Vehumet
Wu Jian
Xom
Yredelemnul
Jiyva
Lugonu

Shops:
D:12 *   Orc:1 [   Orc:2 ?!*[

Portals:
Trove: D:11 (give 8 potions of haste)

Annotations:
D:3 2 transporters, Dylgear's ghost, amateur OpHW
D:5 3 runed translucent doors, innerfire43's ghost, amateur DsMo
D:6 3 runed translucent doors, exclusion: electric eel, Crazy Yiuf; Pikel
D:7 Edmund; Psyche
D:10 Joseph
D:11 1 runed translucent door, Dutom's ghost, journeyman DsFi
D:13 exclusion: statue
D:14 1 transporter
Lair:1 exclusions: 2 downstairs and electric eel
Lair:2 1 runed translucent door, exclusion: oklob plant, Edyrem's ghost, journeyman DsMo
Lair:4 1 runed translucent door
Spider:3 1 runed translucent door, Dojos's ghost, adept NaFi


Innate Abilities, Weirdness & Mutations

You have razor-sharp teeth.
Your natural rate of healing is unusually fast.
When hurt, damage is shared between your health and your magic reserves.
Your bite disrupts and absorbs the magic of your enemies.
Potions cannot restore your health.


Message History

You feel your power leaking away.
You hit the jumping spider. You burn the jumping spider.
Your bite misses the jumping spider.
The jumping spider is moderately wounded.
The spark wasp completely misses you.
The jumping spider leaps!
The jumping spider barely misses you.
The jumping spider bites you but does no damage.
Unknown command.
Unknown command.
You hit the spark wasp but do no damage.
Your bite misses the spark wasp.
The spark wasp is lightly wounded.
The ghost moth stares at you. The spark wasp misses you.
The jumping spider pounces on you but does no damage.
The jumping spider bites you but does no damage.
Unknown command.
Unknown command.
You slash the spark wasp! You burn the spark wasp.
The spark wasp is moderately wounded.
The spark wasp stings you!! The spark wasp shocks you!
* * * LOW HITPOINT WARNING * * *
The jumping spider pounces on you.
* * * LOW HITPOINT WARNING * * *
The jumping spider barely misses you.
Unknown command.
Unknown command.
You barely miss the spark wasp. You bite the spark wasp.
The spark wasp's magic leaks into the air.
You drain its magic.
You feel invigorated.
The spark wasp is heavily wounded.
A jumping spider comes into view.
The spark wasp stings you!
* * * LOW HITPOINT WARNING * * *
The spark wasp shocks you!
* * * LOW HITPOINT WARNING * * *
The ghost moth stares at you.
You feel your power leaking away. The jumping spider pounces on you.
You die...

^.... ##### ##s''##
###. ####.....###
#^.# ^.s.......^
#^.# #......s/#
#########.#^
......Zs##
#^..^..#...#
(######sy#
##.#.†^#....#
##y####....###.#...
#@ss....†#^#^.^##.
###.###..†##......
##.†#......#...#
###..##..#....^.##
#.......###^.^..#
#...#.#.......#..#
#..........#..^###
##^...#......###
##.#....)...^.


You could see a ghost moth (invisible), a spark wasp (magic disrupted), a
demonic crawler, a culicivora (berserk), 3 jumping spiders, a redback (berserk)
and an orb spider simulacrum.

Vanquished Creatures
  Arachne (Spider:3)
  Gastronok (Lair:2)
  A storm dragon (D:13)
  Kirke (Spider:2)
  A frost giant (D:13)
  Aizul (Spider:3)
  2 emperor scorpions
  A ghost moth (Spider:1)
  2 orc warlords (Orc:1)
  Nessos (D:13)
  A broodmother (Spider:4)
  A vampire knight (D:13)
  A minotaur (Gauntlet)
  4 spark wasps
  Josephine (Lair:4)
  A fire dragon (D:15)
  A yaktaur captain (D:13)
  An ettin (D:13)
  Fannar (D:11)
  5 entropy weavers
  5 hydras
  Erolcha (Orc:1)
  Erica (D:10)
  An ogre mage (D:15)
  3 jorogumos
  A catoblepas (D:15)
  2 radroaches
  5 centaur warriors
  2 death knights
  4 boulder beetles
  4 death yaks
  2 two-headed ogres
  5 demonic crawlers
  A tengu warrior (D:13)
  3 orc high priests
  Nergalle (D:11)
  A sun moth (Spider:2)
  5 skeletal warriors
  6 pharaoh ants
  6 orb spiders
  2 phantasmal warriors (D:15)
  5 steelbarb worms
  A wolf spider zombie (D:15)
  A necromancer (D:15)
  A lindwurm (Lair:2)
  9 orc knights
  2 deep elf pyromancers
  3 harpies (Lair:2)
  6 cyclopes
  9 orc sorcerers
  14 ugly things
  20 wolf spiders
  A moth of wrath (Spider:2)
  2 manticores
  12 elephants
  A centaur zombie (D:15)
  12 cane toads
  2 naga magi (D:15)
  3 ice statues (IceCv)
  8 torpor snails
  A gargoyle (D:11)
  7 black mambas
  10 dancing weapons
  2 centaur skeletons (D:15)
  6 kobold demonologists
  2 unseen horrors
  2 freezing wraiths
  3 tengu conjurers
  5 rime drakes
  An anaconda simulacrum (IceCv)
  8 komodo dragons
  A queen bee (shapeshifter) (D:14)
  8 trolls
  9 meliai
  9 polar bears
  Grinder (D:4)
  2 hornets (Lair:5)
  22 tarantellas
  A dream sheep (Lair:5)
  7 blink frogs
  3 slime creatures (D:15)
  A centaur simulacrum (D:11)
  A shadow (D:11)
  15 culicivoras
  Sigmund (D:6)
  20 jumping spiders
  A wyvern (D:8)
  12 spriggans (Lair:5)
  6 wraiths
  2 vampires
  A dire elephant simulacrum (IceCv)
  2 hogs (Spider:2)
  45 yaks
  40 redbacks
  3 humans (D:7)
  5 basilisks
  2 steam dragons (D:8)
  4 vampire mosquitoes (D:12)
  A death yak simulacrum (IceCv)
  A harpy simulacrum (IceCv)
  5 wargs
  16 water moccasins
  5 acid dragons
  27 orc warriors
  2 ice beasts (D:6)
  2 sky beasts
  7 black bears
  9 ogres
  5 boggarts (Lair:5)
  18 wolves
  2 centaurs
  2 phantoms
  3 kobold brigands
  4 bullfrogs
  2 gnoll sergeants
  A cane toad simulacrum (IceCv)
  5 scorpions
  A wight (D:8)
  A hornet simulacrum (D:15)
  12 killer bees
  An elephant simulacrum (IceCv)
  2 electric eels
  4 howler monkeys
  A jelly (D:6)
  14 orc priests
  4 hounds
  10 iguanas
  A gnoll bouda (D:6)
  19 orc wizards
  A polar bear simulacrum (IceCv)
  4 hell rats (Lair:4)
  A wolf simulacrum (IceCv)
  11 gnolls
  7 adders
  4 white imps
  A dart slug (D:1)
  4 worms
  62 orcs
  5 endoplasms
  10 giant cockroaches
  6 goblins
  5 hobgoblins
  2 jackals (D:7)
  23 kobolds
  3 quokkas
  9 ball pythons
  5 bats
  5 frilled lizards
  8 rats
  2 fulminant prisms (IceCv)
838 creatures vanquished.

Vanquished Creatures (collateral kills)
  A two-headed ogre (D:11)
  An orc high priest (Orc:1)
  3 skeletal warriors
  A deep elf pyromancer (D:13)
  8 orc warriors
  An ogre (Orc:2)
  2 wights (D:8)
  2 orc priests
  4 orc wizards
  4 gnolls
  23 orcs
  3 kobolds (D:9)
53 creatures vanquished.

Vanquished Creatures (others)
  A centaur warrior (D:15)
  2 humans (Spider:2)
  40 dancing weapons
  An orc warrior (Orc:1)
  An orc priest (Orc:1)
  A white imp (D:11)
  A kobold (D:9)
  51 fulminant prisms
98 creatures vanquished.

Grand Total: 989 creatures vanquished

Notes
Turn   | Place    | Note
-------+----------+-------------------------------------------
     0 | D:1      | McSplat the Vine Stalker Enchanter began the quest for the
                  | Orb.
     0 | D:1      | Reached XP level 1. HP: 9/9 MP: 4/4
   187 | D:1      | Reached skill level 1 in Short Blades
   293 | D:1      | Reached XP level 2. HP: 6/13 MP: 1/6
   788 | D:1      | Learned a level 2 spell: Ensorcelled Hibernation
   914 | D:2      | Reached XP level 3. HP: 16/16 MP: 7/7
  1086 | D:2      | Learned a level 3 spell: Confusing Touch
  1190 | D:2      | Gained mutation: Your natural rate of healing is unusually
                  | fast. [Vine Stalker growth]
  1190 | D:2      | Reached XP level 4. HP: 11/21 MP: 9/9
  1418 | D:2      | Learned a level 3 spell: Tukima's Dance
  1890 | D:3      | Reached skill level 1 in Ice Magic
  2017 | D:3      | Reached XP level 5. HP: 24/24 MP: 10/10
  2083 | D:3      | Found a transporter.
  2083 | D:3      | Noticed Dylgear's ghost (amateur OpHW)
  2097 | D:3      | Found a transporter.
  2202 | D:3      | Found a faded altar of an unknown god.
  2545 | D:3      | Prayed at the altar of an unknown god.
  2545 | D:3      | Became a worshipper of Lugonu the Unformed
  2545 | D:3      | Reached * piety under Lugonu
  2600 | D:4      | Found a staircase to the Ecumenical Temple.
  2653 | D:4      | Reached skill level 5 in Stealth
  2653 | D:4      | Reached skill level 4 in Hexes
  2753 | D:4      | Reached XP level 6. HP: 28/28 MP: 8/11
  3056 | D:4      | Noticed Grinder
  3070 | D:4      | Killed Grinder
  3071 | D:4      | Reached skill level 5 in Hexes
  3071 | D:4      | Reached XP level 7. HP: 22/32 MP: 8/12
  3525 | D:5      | Entered Level 5 of the Dungeon
  3676 | D:5      | Reached ** piety under Lugonu
  3715 | D:5      | Learned a level 4 spell: Fulminant Prism
  3816 | D:5      | Reached skill level 1 in Conjurations
  3816 | D:5      | Reached skill level 1 in Invocations
  3816 | D:5      | Gained mutation: You have razor-sharp teeth. [Vine Stalker
                  | growth]
  3816 | D:5      | Reached XP level 8. HP: 36/36 MP: 10/13
  3838 | D:5      | Found a runed translucent gate.
  3838 | D:5      | Found a runed translucent gate.
  3838 | D:5      | Found a runed translucent gate.
  3839 | D:5      | Found an opulent altar of Gozag.
  3840 | D:5      | Noticed innerfire43's ghost (amateur DsMo)
  3945 | D:5      | You fall into a shaft and drop 3 floors!
  4002 | D:8      | Found an ornate altar of the Wu Jian Council.
  4078 | D:8      | Reached skill level 6 in Hexes
  4361 | D:7      | Reached skill level 1 in Evocations
  4429 | D:7      | Noticed Psyche
  4531 | D:7      | Noticed a yak
  4930 | D:5      | Reached XP level 9. HP: 38/39 MP: 12/15
  4974 | D:5      | Identified the +4 chain mail of Zoiffi {+Blink rF+ Dex+3}
  5474 | D:6      | Noticed Sigmund
  5484 | D:6      | Killed Sigmund
  5485 | D:6      | Reached skill level 7 in Hexes
  5747 | D:6      | Found a runed translucent door.
  5762 | D:6      | Found a runed translucent door.
  5926 | D:6      | Reached skill level 5 in Invocations
  5939 | D:6      | Reached *** piety under Lugonu
  5956 | D:6      | Found a runed translucent door.
  5957 | D:6      | Noticed Crazy Yiuf
  5959 | D:6      | Noticed Pikel
  6202 | D:7      | Noticed Edmund
  6216 | D:7      | Reached skill level 8 in Hexes
  6236 | D:7      | Reached skill level 5 in Short Blades
  6236 | D:7      | Reached skill level 5 in Conjurations
  6236 | D:7      | Reached XP level 10. HP: 44/44 MP: 1/17
  6480 | D:8      | Learned a level 5 spell: Yara's Violent Unravelling
  6480 | D:8      | Found a basalt altar of Yredelemnul.
  6490 | D:8      | Found an opulent altar of Gozag.
  6533 | D:8      | Reached skill level 1 in Transmutations
  7205 | D:9      | Noticed a two-headed ogre
  7883 | D:9      | Noticed a kobold demonologist
  7892 | D:9      | Reached **** piety under Lugonu
  7901 | D:9      | Killed a kobold demonologist
  7902 | D:9      | Reached skill level 5 in Spellcasting
  8025 | D:9      | Noticed a kobold demonologist
  8163 | D:9      | Noticed a fire crab
  8176 | D:9      | Found a staircase to the Lair.
  8480 | D:9      | Reached skill level 9 in Hexes
  8562 | D:10     | Entered Level 10 of the Dungeon
  8600 | D:10     | Noticed Joseph
  8642 | D:10     | Noticed Erica
  8902 | D:10     | Noticed a two-headed ogre
  8984 | Lair:1   | Entered Level 1 of the Lair of Beasts
  8984 | Lair:1   | Noticed a death yak
  8984 | Lair:1   | Noticed a death yak
  8985 | Lair:1   | Banished a death yak
  8985 | Lair:1   | Noticed a cane toad
  8986 | Lair:1   | Reached skill level 1 in Fighting
  8986 | Lair:1   | Banished a cane toad
  8986 | Lair:1   | Noticed a death yak
  8987 | Lair:1   | Noticed a death yak
  8988 | Lair:1   | Noticed a death yak
  8989 | Lair:1   | Banished a death yak
  8990 | Lair:1   | Reached XP level 11. HP: 49/49 MP: 2/19
  9991 | Lair:1   | Banished a death yak
  9994 | Lair:1   | Banished a death yak
 10173 | Lair:2   | Found a runed translucent door.
 10218 | Lair:2   | Found a gate leading to a gauntlet.
 10227 | Gauntlet | Entered a Gauntlet
 10227 | Gauntlet | Found a transporter.
 10229 | Gauntlet | Found a runed translucent door.
 10230 | Gauntlet | Found a transporter.
 10230 | Gauntlet | Noticed a green death
 10244 | Gauntlet | Found a runed translucent door.
 10246 | Gauntlet | Found a transporter.
 10250 | Gauntlet | Found a transporter.
 10255 | Gauntlet | Noticed a ghost crab
 10273 | Gauntlet | Found a transporter.
 10283 | Gauntlet | Found a transporter.
 10287 | Gauntlet | Noticed a catoblepas
 10296 | Gauntlet | Found a transporter.
 10301 | Gauntlet | Noticed a hell beast
 10316 | Gauntlet | Found a transporter.
 10320 | Gauntlet | Found a transporter.
 10321 | Gauntlet | Found a runed translucent door.
 10331 | Gauntlet | Found a transporter.
 10341 | Gauntlet | Noticed a death drake
 10346 | Gauntlet | Noticed a balrug
 10349 | Gauntlet | Found a transporter.
 10353 | Gauntlet | Found a transporter.
 10426 | Gauntlet | Banished a death drake
 10430 | Gauntlet | Identified the ring "Bothej" {rF+ rCorr SInv}
 10533 | Gauntlet | Identified the +2 eveningstar of the End {flame, rN+ Will-
                  | rCorr Stlth+}
 10533 | Gauntlet | Identified the amulet of Eternity {rC+ Regen+ Str+3}
 10533 | Gauntlet | Noticed a minotaur
 10595 | Gauntlet | Killed a minotaur
 10596 | Gauntlet | Reached skill level 5 in Dodging
 10637 | Gauntlet | Got Gelost's Incunabulum of Transmigration
 10853 | Lair:2   | Found a snail-covered altar of Cheibriados.
 10872 | Lair:2   | Reached XP level 12. HP: 44/56 MP: 9/20
 10983 | Lair:2   | Noticed Gastronok
 11066 | Lair:2   | Killed Gastronok
 11197 | Lair:2   | Found a hole to the Spider Nest.
 11240 | Lair:2   | Reached skill level 10 in Hexes
 11273 | Lair:2   | Found a staircase to the Shoals.
 11287 | Lair:2   | Noticed a five-headed hydra
 11398 | Lair:2   | Upgraded the game from 0.31-a0-210-gccc998df9b to
                  | 0.31-a0-217-g58bb5d79cf
 11800 | Lair:2   | Found a sparkling altar of Nemelex Xobeh.
 12146 | Lair:2   | Noticed Edyrem's ghost (journeyman DsMo)
 12663 | Lair:3   | Noticed a four-headed hydra
 12697 | Lair:3   | Reached XP level 13. HP: 63/63 MP: 14/21
 12908 | Lair:3   | Reached ***** piety under Lugonu
 13016 | Lair:3   | Reached skill level 10 in Short Blades
 13049 | Lair:3   | Reached skill level 5 in Fighting
 13176 | Lair:3   | Reached skill level 10 in Stealth
 13289 | Lair:3   | Reached skill level 10 in Invocations
 13860 | Lair:4   | Got the Precepts of Intuition
 13877 | Lair:4   | Noticed Josephine
 13884 | Lair:4   | Upgraded the game from 0.31-a0-217-g58bb5d79cf to
                  | 0.31-a0-219-g8d62b2e7bb
 13887 | Lair:4   | Found a runed translucent door.
 13887 | Lair:4   | Found a viscous altar of Jiyva.
 13958 | Lair:3   | Reached skill level 1 in Long Blades
 14078 | Lair:4   | Reached skill level 1 in Armour
 14527 | Lair:4   | Found a staircase to the Slime Pits.
 14527 | Lair:4   | Noticed an acid blob
 14527 | Lair:4   | Noticed an acid blob
 14527 | Lair:4   | Noticed an acid blob
 14538 | Lair:4   | Killed Josephine
 15008 | Lair:5   | Entered Level 5 of the Lair of Beasts
 15057 | Lair:5   | Found a frozen archway.
 15066 | IceCv    | Entered an ice cave
 15204 | IceCv    | Reached XP level 14. HP: 68/70 MP: 14/22
 15983 | Lair:5   | Reached skill level 5 in Long Blades
 17509 | D:10     | Reached ****** piety under Lugonu
 17637 | D:10     | Found a sacrificial altar of Ru.
 17752 | D:10     | Found a broken altar of Ashenzari.
 17986 | D:10     | Killed Erica
 18029 | D:11     | Found a portal to a secret trove of treasure.
 18453 | D:11     | Reached skill level 1 in Shields
 18635 | D:11     | Noticed Fannar
 18652 | D:11     | Killed Fannar
 18699 | D:11     | Noticed Nergalle
 18702 | D:11     | Killed Nergalle
 18758 | D:11     | Found a shimmering altar of Xom.
 18758 | D:11     | Noticed Dutom's ghost (journeyman DsFi)
 18759 | D:11     | Found a runed translucent door.
 19458 | D:12     | Reached XP level 15. HP: 71/77 MP: 18/23
 19493 | D:12     | Found a staircase to the Orcish Mines.
 20073 | D:12     | Found Joxo's Assorted Antiques.
 20076 | D:12     | Bought a ruby potion for 25 gold pieces
 20076 | D:12     | Bought 2 ruby potions for 50 gold pieces
 20367 | Orc:1    | Entered Level 1 of the Orcish Mines
 20367 | Orc:1    | Noticed Erolcha
 20374 | Orc:1    | Found Nuus's Armour Emporium.
 20375 | Orc:1    | Killed Erolcha
 20573 | Orc:1    | Noticed an orc warlord
 20654 | Orc:1    | Killed an orc warlord
 21215 | Orc:2    | Entered Level 2 of the Orcish Mines
 21418 | Orc:2    | Noticed an orc warlord
 21574 | Orc:2    | Found a staircase to the Elven Halls.
 21718 | Orc:1    | Killed an orc warlord
 22123 | Orc:2    | Found Kaenic's Magic Scroll Boutique.
 22459 | Orc:2    | Paralysed by an orc sorcerer for 3 turns
 22626 | Orc:2    | Paralysed by an orc sorcerer for 2 turns
 22828 | Orc:2    | Found Lauvvor's Antique Armour Shoppe.
 22838 | Orc:2    | Found Ibufic's General Store.
 22845 | Orc:2    | Found Jierawn's Distillery.
 22894 | Orc:2    | Bought a scroll of enchant weapon for 127 gold pieces
 22894 | Orc:2    | Bought a scroll of fog for 68 gold pieces
 22894 | Orc:2    | Bought a scroll of teleportation for 51 gold pieces
 22908 | Orc:2    | Bought a potion of curing for 54 gold pieces
 22908 | Orc:2    | Bought a potion of berserk rage for 90 gold pieces
 22908 | Orc:2    | Bought a potion of ambrosia for 144 gold pieces
 22908 | Orc:2    | Bought a potion of curing for 54 gold pieces
 22908 | Orc:2    | Bought a potion of invisibility for 144 gold pieces
 22910 | Orc:2    | Bought a smoking leather armour for 266 gold pieces
 22910 | Orc:2    | Identified the +1 leather armour of Mineunast {Int+3 Dex+4}
                  | (You bought it in a shop on level 2 of the Orcish Mines)
 22910 | Orc:2    | Bought a dazzling leather armour for 266 gold pieces
 22910 | Orc:2    | Identified the +2 leather armour of the Coconut {Regen+}
                  | (You bought it in a shop on level 2 of the Orcish Mines)
 23209 | D:13     | Noticed Nessos
 23213 | D:13     | Killed Nessos
 23214 | D:13     | Reached skill level 10 in Long Blades
 23262 | D:13     | Noticed a storm dragon
 23276 | D:13     | Killed a storm dragon
 23281 | D:13     | Got Geodat's Almanac of Metallic Blasts
 23350 | D:13     | Found the +16 obsidian axe {drain, demonic, Mesm Drain Fly
                  | SInv}
 23560 | D:13     | Noticed a frost giant
 23576 | D:13     | Killed a frost giant
 23742 | D:13     | Identified the ring "Nolloank" {Ice rN+ Str+6 Int+3 Dex-3}
 23923 | D:13     | Got the Compendium of the Bane
 23932 | D:13     | Learned a level 7 spell: Enfeeble
 24148 | D:13     | Reached XP level 16. HP: 84/84 MP: 24/24
 24272 | D:13     | Found a radiant altar of Vehumet.
 24449 | D:14     | Found a gate to the Vaults.
 24561 | D:14     | Reached skill level 10 in Dodging
 24610 | D:14     | Reached skill level 10 in Fighting
 24711 | D:14     | Found a transporter.
 25765 | D:15     | Entered Level 15 of the Dungeon
 26337 | D:15     | Found a broken altar of Ashenzari.
 26565 | D:15     | Found a staircase to the Depths.
 27526 | Spider:1 | Entered Level 1 of the Spider Nest
 28025 | Spider:1 | Reached skill level 11 in Hexes
 29218 | Spider:2 | Reached XP level 17. HP: 89/89 MP: 22/29
 29313 | Spider:2 | Noticed Kirke
 29328 | Spider:2 | Killed Kirke
 29522 | Spider:2 | Identified a scroll of acquirement
 29528 | Spider:2 | Acquired the ring of Tumup {rPois MP+9 Int+3 Slay+4}
 29730 | Spider:2 | Identified the +8 glaive of Charity {freeze, rElec Will+}
 30472 | Spider:3 | Noticed Aizul
 30479 | Spider:3 | Killed Aizul
 30480 | Spider:3 | Reached skill level 12 in Hexes
 30538 | Spider:3 | Noticed Arachne
 31016 | Spider:3 | Found a runed translucent door.
 31016 | Spider:3 | Found a shimmering altar of Xom.
 31016 | Spider:3 | Noticed Dojos's ghost (adept NaFi)
 31618 | Spider:3 | Killed Arachne
 31798 | Spider:4 | Entered Level 4 of the Spider Nest
 32257 | Spider:4 | HP: 2/89 [poisoned by an emperor scorpion]
 32879 | Spider:4 | Reached skill level 10 in Spellcasting
 32879 | Spider:4 | Reached skill level 13 in Hexes
 32916 | Spider:4 | HP: 2/90 [spark wasp (11)]
 32916 | Spider:4 | Slain by a jumping spider

Illustrated notes

Levels and vault maps discovered:
D:1:      nicolae_arrival_somewhat_less_tricky_arrival, layout_loops_ring
D:2:      layout_loops_ring, kennysheep_doodads, dk_noncrumbling_3
D:3:      layout_loops_ring, gammafunk_ghost_arena, basic_ecumenical_altar,
          minmay_distorted
D:4:      layout_loops_ring, minmay_temple_entry_arrows, uniq_grinder
D:5:      layout_cave_pods, ebering_ghost_gozag
D:6:      lemuel_insect_pit, layout_basic, minivault_4, uniq_crazy_yiuf_cottage,
          uniq_sigmund, uniq_pikel
D:7:      erik_cavepeople, layout_basic, gammafunk_temple_overflow_elements,
          nicolae_overflow_hidden_temple, columned_hall_lemuel, minivault_11,
          fountainhead, uniq_menkaure
D:8:      layout_basic, nicolae_wu_jian_wuxing_cycle,
          nicolae_gozag_seed_capital, mainiacjoe_overflow_tiny_flanked
D:9:      layout_irregular_city, minmay_lair_entry_lava
D:10:     layout_roguey, lemuel_coloured_pillars_altar, lemuel_tele_altar,
          serial_glass, glass_columns_a, glass_columns_b, glass_columns_b,
          glass_columns_a, feat_on_display, minmay_strange_pillars,
          minmay_strange_pillars, due_unseen_surprise, uniq_erica, uniq_joseph
D:11:     layout_stronghold, ebering_ghost_xom, enter_trove_0, serial_ice,
          serial_ice_o, serial_ice_i, serial_ice_f, serial_ice_h, uniq_nergalle,
          uniq_fannar
D:12:     layout_roguey, david_orc_5, serial_shops, shop
D:13:     minmay_box_of_curves, layout_cave_pods, vehumet_statue, uniq_nessos
D:14:     layout_long_grid, erik_vaults_1, chequers_serial_rivers_micro_d,
          eino_small_chamber_without_monster, st_stairs_7,
          kennysheep_small_spiral, minivault_19, nicolae_diode_basic
D:15:     grunt_enter_depths_magical_seal, layout_loops_ring,
          nicolae_ashenzari_panopticon
Lair:1:   layout_gridlike, lemuel_fruit_fields, grunt_megastairs_1,
          serial_bayou_shore_a, infiniplex_staircase_pool
Lair:2:   layout_concentric_octagons, nicolae_shoals_entry_roost,
          nicolae_spider_entry_non_spiders, gauntlet_entry_generic,
          ebering_ghost_reflecting_pool, basic_altar, kennysheep_snail_temple,
          grunt_megastairs_2, uniq_gastronok
Lair:3:   beast_lair_carwin_large_1, layout_regular_city, grunt_megastairs_4,
          infiniplex_staircase_pool_2
Lair:4:   layout_cave_pods, slime_entry_2, grunt_megastairs_5, uniq_josephine
Lair:5:   minmay_lair_end_enchanted_forest, layout_cave_pods,
          portal_ice_cave_entry_pillars_2, grunt_forest_large_clearings,
          lemuel_fruit_fields, serial_bayou_shore_b
Spider:1: layout_cave_pods, drop_trap, hellmonk_narrow_tunnel
Spider:2: layout_chambers, hangedman_spider_tarantella_strand, uniq_kirke
Spider:3: layout_cave_pods, ebering_ghost_xom, uniq_aizul, uniq_arachne
Spider:4: johnstein_spider_rune_arachne_lair
Orc:1:    layout_caves, serial_shops, shop, lemuel_statue_altar, uniq_erolcha
Orc:2:    st_orc_elflike, layout_caves

Skill      XL: |  1  2  3  4  5  6  7  8  9 10 11 12 13 14 15 16 17 |
---------------+----------------------------------------------------+-----
Short Blades   | 1 2 3 4 5 6 8 9 10 | 10.0
Stealth        | 4 5 6 7 8 9 10 12 | 12.4
Dodging        | 2 3 5 7 8 9 10 | 10.0
Ice Magic      | 1 |  1.0
Spellcasting   | 3 4 5 7 10 | 10.0
Hexes          | 4 5 6 8 9 10 11 13 | 13.1
Conjurations   | 1 3 5 |  5.1
Invocations    | 1 3 5 6 8 9 10 | 10.0
Evocations     | 1 |  1.0
Transmutations | 3 |  3.3
Fighting       | 1 3 4 6 8 9 10 | 10.5
Long Blades    | 4 8 10 12 | 12.6
Armour         | 2 4 |  4.0
Shields        | 1 |  1.0

Action                     |  1- 3 |  4- 6 |  7- 9 | 10-12 | 13-15 | 16-18 || total
---------------------------+-------+-------+-------+-------+-------+-------++-------
  Melee: Short sword       |    82 |   173 |   242 |   551 |    19 |       ||  1067
         Bite              |    18 |    47 |    70 |   223 |   571 |   262 ||  1191
         Dagger            |     6 |    13 |    14 |       |   545 |   479 ||  1057
         Long sword        |       |       |       |     5 |   298 |       ||   303
         Scimitar          |       |       |       |       |   441 |   146 ||   587
   Cast: Ensorcelled Hiber |     3 |    13 |    20 |    63 |    92 |   188 ||   379
         Tukima's Dance    |       |     2 |    15 |    32 |    90 |    14 ||   153
         Confusing Touch   |       |     2 |     7 |    48 |    86 |    58 ||   201
         Fulminant Prism   |       |       |     2 |    18 |    32 |     1 ||    53
 Invoke: Banish            |       |       |       |     7 |       |       ||     7
  Evoke: Wand              |       |       |    12 |    10 |     6 |     6 ||    34
         Phial of floods   |       |       |       |       |     1 |       ||     1
         Lightning rod     |       |       |       |       |       |     5 ||     5
    Use: Scroll            |       |     5 |     4 |    12 |    16 |    14 ||    51
         Potion            |       |       |     2 |     5 |     2 |     1 ||    10
   Stab: Sleeping          |    12 |    13 |    19 |    34 |    83 |   164 ||   325
         Confused          |       |     2 |     5 |    44 |    90 |    49 ||   190
         Invisible         |       |       |    12 |     4 |     2 |       ||    18
         Paralysed         |       |       |       |     5 |     3 |       ||     8
         Distracted        |       |       |       |     2 |     3 |     2 ||     7
 Armour: Robe              |     4 |    25 |    48 |    30 |       |       ||   107
         Quicksilver drago |       |       |       |    45 |   479 |   203 ||   727
  Dodge: Dodged            |    35 |    80 |    71 |   180 |   767 |   310 ||  1443

Table legend: (Time is in decaauts)
 A = Elapsed time spent in this place.
 B = Non-inter-level travel time spent in this place.
 C = Inter-level travel time spent in this place.
 D = Time resting spent in this place.
 E = Time spent auto-exploring this place.
 F = Levels seen in this place.
 G = Mean time per level.
                   A        B        C        D        E       F      G
               +--------+--------+--------+--------+--------+-----+--------+
         Total |  31583 |  29661 |   1922 |   3760 |  17532 |  28 | 1128.0 |
       Dungeon |  15818 |  14866 |    952 |   1736 |   9421 |  15 | 1054.5 |
          Lair |   7041 |   6611 |    430 |    785 |   3403 |   5 | 1408.2 |
   Spider Nest |   5186 |   4855 |    331 |    584 |   3287 |   4 | 1296.5 |
  Orcish Mines |   2463 |   2255 |    208 |    339 |   1147 |   2 | 1231.5 |
      Ice Cave |    658 |    658 |      0 |    207 |    106 |   1 |  658.0 |
      Gauntlet |    414 |    414 |      0 |    108 |    167 |   1 |  414.0 |
               +--------+--------+--------+--------+--------+-----+--------+

Top non-repeatable levels by time:
Spider:2: 1784 daAuts
  Lair:5: 1582 daAuts
Spider:3: 1577 daAuts
     D:9: 1569 daAuts
  Lair:2: 1514 daAuts
    D:15: 1473 daAuts
  Lair:1: 1466 daAuts
    D:13: 1371 daAuts
  Lair:3: 1311 daAuts
    D:14: 1311 daAuts
    D:11: 1306 daAuts
   Orc:1: 1290 daAuts
     D:8: 1199 daAuts
Spider:1: 1186 daAuts
   Orc:2: 1173 daAuts
